 Dungeon Crawl Stone Soup version 0.27-a0-1196-g3e9cee4cb2 (webtiles) character file.

Game seed: 6756305690461448649

114 ZappyNine the Skirmisher (level 4, -5/40 HPs)
             Began as a Demigod Fighter on May 27, 2021.
             Killed from afar by an orc wizard (7 damage)
             ... with a puff of flame
             ... on level 3 of the Dungeon.
             The game lasted 00:01:59 (2644 turns).

ZappyNine the Skirmisher (Demigod Fighter)          Turns: 2644, Time: 00:01:59

Health: -5/40      AC:  7    Str: 19    XL:     4   Next: 41%
Magic:  6/6        EV:  8    Int: 10    God:
Gold:   43         SH:  9    Dex: 17    Spells: 3/3 levels left

rFire    . . .     SeeInvis .   a - +0 long sword
rCold    . . .     Faith    .   c - +0 kite shield
rNeg     . . .     Spirit   .   b - +0 scale mail
rPois    .         Reflect  .   (no helmet)
rElec    .         Harm     .   (no cloak)
rCorr    .         Rampage  .   (no gloves)
Will     .....                  n - +0 pair of boots
Stlth    ..........             (no amulet)
HPRegen  0.13/turn              (no ring)
MPRegen  0.10/turn              (no ring)

@: hasted, very quick
A: high mp 1, forlorn, strong 1
a: no special abilities


You were on level 3 of the Dungeon.
You visited 1 branch of the dungeon, and saw 3 of its levels.

You collected 43 gold pieces.

Inventory:

Hand Weapons
 a - a +0 long sword (weapon)
Armour
 b - a +0 scale mail (worn)
 c - a +0 kite shield (worn)
 n - a +0 pair of boots (worn)
Jewellery
 e - a ring of wizardry
Scrolls
 f - a scroll of immolation {unknown}
 h - a scroll of amnesia {unknown}
 j - a scroll of identify {unknown}
 k - a scroll of fog {unknown}
 m - a scroll of teleportation {unknown}
Potions
 d - a potion of might
 g - 2 potions of haste


   Skills:
 + Level 4.0 Fighting
 - Level 1.7 Long Blades
 - Level 2.6 Armour
 + Level 2.6 Dodging
 - Level 2.6 Shields


You had 3 spell levels left.
You didn't know any spells.
Your spell library contained the following spells:

 Spells                   Type           Power      Damage    Failure   Level
 Animate Skeleton         Necr           0%         N/A       99%         1
 Pain                     Necr           0%         1d4       99%         1
 Confusing Touch          Hex            0%         N/A       100%        3
 Gell's Gravitas          Tloc           0%         N/A       100%        3
 Vampiric Draining        Necr           0%         2d6       100%        3
 Animate Dead             Necr           0%         N/A       100%        4
 Petrify                  Tmut/Erth      0%         N/A       100%        4
 Agony                    Necr           0%         N/A       100%        5
 Metabolic Englaciation   Hex/Ice        0%         N/A       100%        5
 Yara's Violent Unravell  Hex/Tmut       0%         3d3       100%        5


Dungeon Overview and Level Annotations

Branches:
Dungeon (3/15)


Innate Abilities, Weirdness & Mutations

Your attributes grow dramatically as you level up.
You have an increased reservoir of magic. (+10% MP)
You shall have no god before yourself.
Your muscles are strong. (Str +2)


Message History

The orc wizard is heavily wounded.
You block the orc wizard's attack.
You hit the orc wizard.
The orc wizard is severely wounded.
The orc wizard hits you with a +0 dagger.
* * * LOW HITPOINT WARNING * * *
You closely miss the orc wizard.
The orc wizard is severely wounded.
The orc wizard hits you but does no damage.
You barely miss the orc wizard.
The orc wizard is severely wounded.
The orc wizard hits you with a +0 dagger.
* * * LOW HITPOINT WARNING * * *
Okay, then.
You closely miss the orc wizard.
The orc wizard is severely wounded.
You block the orc wizard's attack. x2
Unknown command.
You closely miss the orc wizard.
The orc wizard is severely wounded.
The orc wizard casts a spell at you. The puff of flame hits you.
* * * LOW HITPOINT WARNING * * *
Unknown command.
You closely miss the orc wizard.
The orc wizard is severely wounded.
You block the orc wizard's attack.
Unknown command.
Unknown command.
You closely miss the orc wizard.
The orc wizard is severely wounded.
The orc wizard barely misses you.
You riposte.
You hit the orc wizard.
The orc wizard is almost dead.
Unknown command.
Unknown command.
You hit the orc wizard but do no damage.
The orc wizard is almost dead.
The orc wizard casts a spell at you. The puff of flame hits you!
You die...

#...............
####............
#....##......
######.....#....#.
#...............#.
#.####.##.......##
#)####รท...##..#...
#####.#....#####..###.
##<..<@o....#####....?.
#..####.....##.#.......
#..# #.....##.#.......
#..####.###.##.#.......
##....##........#.......
#.....###...............
###..........##.........
###..##...............
##......##..........


You could see an orc wizard.

Vanquished Creatures
  A water moccasin skeleton (D:3)
  An adder (D:3)
  A dart slug (D:1)
  3 ball pythons
  5 endoplasms
  5 giant cockroaches
  2 hobgoblins (D:1)
  2 jackals (D:2)
  5 kobolds
  2 quokkas
  9 bats
  5 frilled lizards
  6 goblins
  5 rats
52 creatures vanquished.

Notes
Turn   | Place    | Note
-------+----------+-------------------------------------------
     0 | D:1      | ZappyNine the Demigod Fighter began the quest for the Orb.
     0 | D:1      | Reached XP level 1. HP: 18/18 MP: 3/3
   226 | D:1      | Reached skill level 3 in Fighting
   226 | D:1      | Reached skill level 1 in Dodging
   244 | D:1      | Reached XP level 2. HP: 23/26 MP: 4/4
  1096 | D:2      | Reached XP level 3. HP: 25/31 MP: 5/5
  1361 | D:2      | You fall into a shaft and drop 1 floor!
  2478 | D:3      | Reached skill level 4 in Fighting
  2478 | D:3      | Reached XP level 4. HP: 26/40 MP: 6/6
  2624 | D:3      | Gained mutation: Armour fits poorly on your strangely
                  | shaped body. [potion of mutation]
  2624 | D:3      | Lost mutation: Armour fits poorly on your strangely shaped
                  | body. [potion of mutation]
  2624 | D:3      | Gained mutation: Your muscles are strong. (Str +2) [potion
                  | of mutation]
  2641 | D:3      | HP: 1/40 [orc wizard/puff of flame (5)]
  2644 | D:3      | Killed from afar by an orc wizard

Illustrated notes

Levels and vault maps discovered:
D:1:      lightli_arrival_noodles, layout_basic, minmay_pentomino_p4
D:2:      layout_basic, minmay_misc_feat_chi, bh_walls_and_bars
D:3:      layout_basic, serial_shops, nicolae_shop_statue_plus

Skill      XL: |  1  2  3 |
---------------+----------+-----
Fighting       | 3 4 |  4.0
Dodging        | 1 2 |  2.6
Long Blades    | |  1.7
Armour         | |  2.6
Shields        | |  2.6

Action                   |  1- 3 |  4- 6 || total
-------------------------+-------+-------++-------
Melee: Long sword        |   156 |    29 ||   185
  Use: Potion            |       |     3 ||     3
Armor: Scale mail        |    72 |    16 ||    88
Dodge: Dodged            |    73 |     2 ||    75
Block: Kite shield       |    88 |     7 ||    95
       Rpst.: Long sword |    19 |     1 ||    20

Table legend: (Time is in decaauts)
 A = Elapsed time spent in this place.
 B = Non-inter-level travel time spent in this place.
 C = Inter-level travel time spent in this place.
 D = Time resting spent in this place.
 E = Time spent auto-exploring this place.
 F = Levels seen in this place.
 G = Mean time per level.
                   A        B        C        D        E       F      G
               +--------+--------+--------+--------+--------+-----+--------+
         Total |   2737 |   2644 |     93 |    221 |   1971 |   3 |  912.3 |
       Dungeon |   2737 |   2644 |     93 |    221 |   1971 |   3 |  912.3 |
               +--------+--------+--------+--------+--------+-----+--------+

Top non-repeatable levels by time:
     D:2: 1078 daAuts
     D:1: 960 daAuts
     D:3: 698 daAuts
